 Dungeon Crawl Stone Soup version 0.27-a0-1105-g946c659c87 (webtiles) character file.

Game seed: 1235032932130892854

46 HendSelp the Cudgeller (level 3, -4/23 HPs)
             Began as a Tengu Fighter on Apr 29, 2021.
             Slain by a phantom (7 damage)
             ... on level 2 of the Dungeon.
             The game lasted 00:01:32 (1467 turns).

HendSelp the Cudgeller (Tengu Fighter)              Turns: 1467, Time: 00:01:32

Health: -4/23      AC:  8    Str: 17    XL:     3   Next: 66%
Magic:  4/4        EV:  9    Int:  8    God:
Gold:   102        SH:  0    Dex: 13    Spells: 2/2 levels left

rFire    . . .     SeeInvis .   a - +0 flail
rCold    . . .     Faith    .   (no shield)
rNeg     . . .     Spirit   .   b - +0 scale mail
rPois    .         Reflect  .   (helmet restricted)
rElec    .         Harm     .   (no cloak)
rCorr    .         Rampage  .   e - +0 pair of gloves
Will     .....                  (boots unavailable)
Stlth    ..........             (no amulet)
HPRegen  0.07/turn              (no ring)
MPRegen  0.09/turn              (no ring)

@: no status effects
A: beak, talons 3
a: no special abilities


You were on level 2 of the Dungeon.
You visited 1 branch of the dungeon, and saw 2 of its levels.

You collected 102 gold pieces.

Inventory:

Hand Weapons
 a - a +0 flail (weapon)
Armour
 b - a +0 scale mail (worn)
 c - a +0 kite shield
 e - a +0 pair of gloves (worn)
Potions
 d - a potion of might
 f - a potion of berserk rage
 g - a potion of curing {unknown}
 h - a potion of flight {unknown}


   Skills:
 - Level 3.0 Fighting
 + Level 4.3 Maces & Flails
 - Level 3.2 Armour
 - Level 3.0 Shields


You had 2 spell levels left.
You didn't know any spells.
Your spell library was empty.

Dungeon Overview and Level Annotations

Branches:
Dungeon (2/15)

Altars:


Innate Abilities, Weirdness & Mutations

You have a beak for a mouth.
You have claws for feet.


Message History

A ball python comes into view.
You miss the phantom. Your peck misses the phantom. The phantom hits you.
The phantom blinks!
You blink.
A quokka comes into view.
The phantom hits you but does no damage.
Found a pair of gloves.
You closely miss the phantom. You claw the phantom. You peck the phantom.
The phantom is moderately damaged.
The phantom closely misses you.
You sock the phantom! Your kick misses the phantom.
The phantom is severely damaged.
The phantom barely misses you.
You closely miss the phantom.
The phantom is severely damaged.
The phantom hits you.
The phantom blinks!
You blink.
You closely miss the phantom.
The phantom is severely damaged.
The phantom hits you but does no damage.
There are monsters nearby!
You hit the phantom but do no damage.
The phantom is severely damaged.
The phantom hits you.
The phantom hits you but does no damage.
You are too injured to fight recklessly!
You are too injured to fight recklessly!
You are too injured to fight recklessly!
You closely miss the phantom. You claw the phantom, but do no damage.
The phantom is severely damaged.
The phantom hits you but does no damage.
Unknown command.
You closely miss the phantom. Your kick misses the phantom.
Your peck misses the phantom.
The phantom is severely damaged.
The phantom hits you!
* * * LOW HITPOINT WARNING * * *
Unknown command.
You hit the phantom. You claw the phantom. Your peck misses the phantom.
The phantom is almost destroyed.
The phantom hits you!
You die...

....# ##.#####.!.....#
.##.#####..............[
....†..#.....##†........
##..##......###.........
##..#####..## ##.......#
....# #.## #r.......
##.## #.# #S#####. ##.#
... #W# ...# #... #@#
.### ...# #.# .# #.# .#
#.. .[. ..# ..# ... #..
..# ..# #.. ..# #....#
#.# #.# ###.... .#


You could see a phantom, a quokka and a ball python.

Vanquished Creatures
  An adder (D:2)
  A worm (D:2)
  A dart slug (D:2)
  A ball python (D:1)
  4 endoplasms
  2 giant cockroaches
  A goblin (D:1)
  3 hobgoblins
  2 jackals (D:1)
  4 quokkas
  A bat (D:1)
  2 frilled lizards
  4 kobolds (D:1)
  2 rats
29 creatures vanquished.

Notes
Turn   | Place    | Note
-------+----------+-------------------------------------------
     0 | D:1      | HendSelp the Tengu Fighter began the quest for the Orb.
     0 | D:1      | Reached XP level 1. HP: 14/14 MP: 2/2
   105 | D:1      | Found a faded altar of an unknown god.
   193 | D:1      | Reached XP level 2. HP: 5/19 MP: 3/3
   447 | D:1      | Reached skill level 3 in Maces & Flails
  1120 | D:1      | Reached XP level 3. HP: 23/23 MP: 4/4
  1398 | D:2      | Reached skill level 4 in Maces & Flails
  1454 | D:2      | Noticed a phantom
  1467 | D:2      | Slain by a phantom

Illustrated notes

Levels and vault maps discovered:
D:1:      dpeg_arrival_rhombi, layout_basic,
          hellmonk_ecumenical_altar_pennies_from_heaven
D:2:      layout_loops_cross

Skill      XL: |  1  2  3 |
---------------+----------+-----
Maces & Flails | 3 4 |  4.3
Fighting       | |  3.0
Armour         | |  3.2
Shields        | |  3.0

Action                   || total
-------------------------++-------
Melee: Flail             ||    77
       Kick              ||    23
       Peck              ||    12
  Use: Scroll            ||     1
Armor: Scale mail        ||    32
Dodge: Dodged            ||    46

Table legend: (Time is in decaauts)
 A = Elapsed time spent in this place.
 B = Non-inter-level travel time spent in this place.
 C = Inter-level travel time spent in this place.
 D = Time resting spent in this place.
 E = Time spent auto-exploring this place.
 F = Levels seen in this place.
 G = Mean time per level.
                   A        B        C        D        E       F      G
               +--------+--------+--------+--------+--------+-----+--------+
         Total |   1485 |   1467 |     18 |      0 |   1286 |   2 |  742.5 |
       Dungeon |   1485 |   1467 |     18 |      0 |   1286 |   2 |  742.5 |
               +--------+--------+--------+--------+--------+-----+--------+

Top non-repeatable levels by time:
     D:1: 1201 daAuts
     D:2: 283 daAuts
